AoeStats
← 知耻而后勇喜笑颜开

Arabia

507851512Analyzed
1v1 RM · 13d ago on Sep 19, 2026· 47m 59s· 2 players
Game mode
Random Map
Map size
Tiny (2 player)
Population
200
Speed
Normal
Resources
Standard
Victory
Conquest
Starting age
Dark Age
Ending age
Imperial Age
RankedLock teamsTeams togetherTeam positionsShared explorationLock speedFull tech treeHidden civsTurbo modeCheats
Victory
Defeat
1421
+14
🇪🇸 Malians · Spain
1383
-14
Sir_Piñeiro
6:56 Loom
9:50 Feudal Age
9:59 Man-at-Arms
12:54 Double-Bit Axe
15:02 Fletching
18:34 Wheelbarrow
22:22 Castle Age
21:07 Padded Archer Armor
21:02 Gold Mining
20:57 Horse Collar
22:33 Town Watch
22:26 Crossbowman
23:01 Bodkin Arrow
26:57 Ballistics
28:12 Bow Saw
30:29 Gold Shaft Mining
29:54 Heavy Plow
34:56 Imperial Age
34:37 Thumb Ring
34:48 Leather Archer Armor
36:45 Chemistry
35:25 Arbalester
41:43 Light Cavalry
42:33 Bloodlines
42:24 Husbandry
43:11 Husbandry
43:51 Scale Barding Armor
44:24 Forging
45:13 Chain Barding Armor
47:17 Plate Barding Armor
46:51 Pikeman
47:33 Heavy Camel Rider
知耻而后勇喜笑颜开
8:35 Feudal Age
9:01 Double-Bit Axe
9:03 Town Watch
9:04 Loom
9:19 Horse Collar
11:23 Loom
12:44 Wheelbarrow
11:54 Town Watch
19:04 Castle Age
19:03 Gold Mining
20:11 Bow Saw
19:54 Fletching
20:41 Bodkin Arrow
26:16 Ballistics
28:23 Hand Cart
34:56 Imperial Age
34:33 Guard Tower
34:54 Masonry
36:43 Chemistry
35:57 Masonry
36:00 Stone Mining
37:11 Two-Man Saw
36:22 Arrowslits
39:30 Conscription
41:02 Architecture
41:22 Scale Barding Armor
41:27 Forging
42:24 Bloodlines
42:14 Husbandry
42:52 Chain Barding Armor
43:34 Iron Casting
42:49 Cavalier
44:33 Plate Barding Armor
44:02 Bracer
44:10 Paladin
46:08 Guilds
46:33 Supremacy
47:37 Hoardings
47:31 Light Cavalry
Connection lost

Rejoining the realm…

Still unreachable

The connection could not be restored.

Session expired

The server has moved on; the page needs a fresh start.